 Dungeon Crawl Stone Soup version 0.25.1-2-g60ff931df9 (webtiles) character file.

Game seed: 7120974680454883689

13069 DearestLeader the Severer (level 12, 0/108 HPs)
             Began as a Hill Orc Monk on Nov 15, 2020.
             Was a High Priest of Beogh.
             Slain by a thrashing horror (4 damage)
             ... on level 1 of the Abyss.
             The game lasted 00:27:08 (14746 turns).

DearestLeader the Severer (Hill Orc Monk)          Turns: 14746, Time: 00:27:10

Health: 0/108      AC: 22    Str: 19    XL:     12   Next: 2%
Magic:  12/12      EV:  9    Int: 10    God:    Beogh [*****.]
Gold:   593        SH:  0    Dex: 13    Spells: 11/11 levels left

rFire    . . .     SeeInvis +   L - +0 war axe (elec)
rCold    . . .     Gourm    .   (no shield)
rNeg     . . .     Faith    .   C - +5 plate armour "Gilloul" {+Blink SInv}
rPois    +         Spirit   .   (no helmet)
rElec    .         Reflect  .   V - +0 cloak
rCorr    +         Harm     .   i - +0 pair of gloves
MR       .....                  (no boots)
Stlth    ..........             (no amulet)
HPRegen  0.28/turn              H - ring of resist corrosion
MPRegen  0.13/turn              N - ring of poison resistance

@: about to teleport
A: walk on water
a: Smiting, Recall Orcish Followers, Give Item to Named Follower, Renounce
Religion, Evoke Blink


You were on level 1 of the Abyss.
You worshipped Beogh.
Beogh was extremely pleased with you.
You were not hungry.

You visited 2 branches of the dungeon, and saw 12 of its levels.
You visited the Abyss 1 time.

You collected 593 gold pieces.

Inventory:

Hand Weapons
 p - a +1 dagger of venom
 x - a +1 vorpal flail
 y - the +7 lajatang of Order {silver, rMut}
   (You found it on level 4 of the Dungeon)

   It protects you from mutation.
 D - a +0 broad axe
 L - a +0 war axe of electrocution (weapon)
Missiles
 s - 52 poisoned darts (quivered)
Armour
 i - a +0 pair of gloves (worn)
 l - a +0 buckler
 C - the +5 plate armour "Gilloul" (worn) {+Blink SInv}
   (You found it on level 5 of the Dungeon)

   It lets you see invisible.
   It lets you blink.
 V - a +0 cloak (worn)
Jewellery
 h - an uncursed ring of flight
 H - a ring of resist corrosion (left hand)
 N - a ring of poison resistance (right hand)
 W - an uncursed ring of ice
Wands
 d - a wand of iceblast (9)
 M - a wand of enslavement (6)
 P - a wand of paralysis (10)
 R - a wand of flame (34)
 S - a wand of random effects (26)
 T - a wand of clouds (4)
Scrolls
 e - 5 scrolls of blinking
 f - 2 scrolls of immolation
 j - 11 scrolls of remove curse
 k - a scroll of amnesia {unknown}
 m - 5 scrolls of teleportation
 o - a scroll of summoning {unknown}
 q - 2 scrolls of enchant weapon {unknown}
 v - 3 scrolls of fog
 E - 4 scrolls of enchant armour
 G - a scroll of silence {unknown}
 J - 2 scrolls of fear {unknown}
 K - 2 scrolls of magic mapping {unknown}
 O - 2 scrolls of holy word {unknown}
 Q - a scroll of acquirement {unknown}
 U - a scroll of identify
Potions
 b - a potion of stabbing {unknown}
 g - 2 potions of invisibility {unknown}
 n - 2 potions of heal wounds
 r - 3 potions of ambrosia
 t - 4 potions of flight
 u - 4 potions of haste
 w - a potion of lignification {unknown}
 z - a potion of magic {unknown}
 A - a potion of curing
 B - 2 potions of berserk rage
 F - 3 potions of brilliance
 I - a potion of might {unknown}
Comestibles
 a - 2 chunks of flesh
 c - 23 rations


   Skills:
 + Level 10.6 Fighting
 * Level 16.1 Axes
 + Level 9.8 Armour
 - Level 6.0 Dodging
 - Level 1.5 Stealth


You had 11 spell levels left.
You didn't know any spells.
Your spell library contained the following spells:

 Spells                   Type           Power        Failure   Level  Hunger
 Corona                   Hex            #......      100%        1    ##.....
 Ensorcelled Hibernation  Hex/Ice        #.....       100%        2    ###....
 Confusing Touch          Hex            #.......     100%        3    ####...
 Dazzling Flash           Conj/Hex       #.....       100%        3    ####...
 Ignite Poison            Fire/Tmut/Pois #.......     100%        3    ####...
 Portal Projectile        Hex/Tloc       #.....       100%        3    ####...
 Spectral Weapon          Hex/Chrm       #.......     100%        3    ####...
 Tukima's Dance           Hex            #.......     100%        3    ####...
 Bolt of Magma            Conj/Fire/Erth #.........   100%        5    ######.
 Iskenderun's Battlesphe  Conj/Chrm      #.......     100%        5    ######.
 Hydra Form               Tmut           #.........   100%        6    #######
 Iron Shot                Conj/Erth      #.........   100%        6    #######
 Orb of Destruction       Conj           #.........   100%        7    #######
 Spellforged Servitor     Conj/Summ      #.........   100%        7    #######


Dungeon Overview and Level Annotations

Branches:
Dungeon (11/15)            Temple (0/1) D:6            Lair (1/6) D:9
    Orc: D:9-12

Altars:
Gozag
Kikubaaqudgha
Makhleb
Nemelex Xobeh
Qazlal
Ru
Sif Muna
Trog
Uskayaw
Vehumet
The Shining One

Shops:
D:8 [   D:10 (

Annotations:
D:10 2 runed translucent doors, sirjames's ghost, journeyman CeHu
Lair:1 Sonja


Message History

The fire bat bites you.
* * * LOW HITPOINT WARNING * * *
You are engulfed in flames!
* * * LOW HITPOINT WARNING * * *
The thrashing horror tramples you but does no damage. x2
The thrashing horror roars!
The fire bat bites you but does no damage.
Your plate armour "Gilloul" prevents you from hitting the fire bat.
The fire bat barely misses you.
A neqoxec comes into view.
The thrashing horror tramples you but does no damage.
The thrashing horror tramples you.
* * * LOW HITPOINT WARNING * * *
You hold your ground!
You slash the neqoxec!
The neqoxec is moderately wounded.
You slash the thrashing horror! The thrashing horror tramples you.
* * * LOW HITPOINT WARNING * * *
You hold your ground!
The thrashing horror tramples you.
You die...

...b##..#.#.
.# ...#
.....#...#
#....
.....≈##X.≈#
#.. # ##..#.#
≈ ≈≈≈ ##.##
##..#. ≈.≈≈≈..
##...###.#.###
#≈≈≈.#
#.....#..##.#
...♣..
......bX3...#
##.##≈
#.....#@#...#
##... ###..#.#
##.## .## #
#.# .. # ..


You could see a thrashing horror, a neqoxec and a fire bat.

Vanquished Creatures
  Fannar (Lair:1)
  A hydra (Lair:1)
  Erica (D:8)
  Nergalle (Lair:1)
  2 unseen horrors (D:10)
  A spiny frog (Lair:1)
  4 blink frogs (Lair:1)
  3 hippogriffs
  A wyvern (D:8)
  2 basilisks (D:9)
  7 yaks
  A hungry ghost (D:8)
  Edmund (D:4)
  An acid dragon (D:9)
  2 water moccasins
  A porcupine (Lair:1)
  An orc warrior (D:9)
  A hornet zombie (D:9)
  2 phantoms
  2 ice beasts
  2 black bears (D:6)
  3 ogres
  4 centaurs
  4 wolves
  2 crocodiles (Lair:1)
  3 big kobolds
  2 bullfrogs
  2 scorpions (D:8)
  3 killer bees (D:8)
  6 wights
  4 electric eels (D:8)
  5 crimson imps
  A centaur zombie (D:8)
  A quasit (D:7)
  An orc priest (D:8)
  5 hounds
  4 orc wizards
  A centaur skeleton (D:5)
  Natasha (thrice) (D:2)
  3 iguanas
  4 worker ants
  A hound skeleton (D:4)
  2 worker ant zombies
  12 gnolls
  9 adders
  2 shadow imps
  An ooze (D:3)
  An adder skeleton (D:5)
  2 worms
  2 dart slugs (D:4)
  6 leopard geckos
  25 orcs
  9 bats
  7 giant cockroaches
  7 goblins
  9 hobgoblins
  9 jackals
  14 kobolds
  5 quokkas
  A ball python (D:1)
  6 frilled lizards
  A jackal skeleton (D:4)
  A leopard gecko skeleton (D:4)
  2 quokka skeletons
  A quokka zombie (D:6)
  5 rats
239 creatures vanquished.

Vanquished Creatures (collateral kills)
  A two-headed ogre (D:8)
  2 komodo dragons (Lair:1)
  A hippogriff (D:10)
  3 yaks
  A wraith (D:10)
  A hungry ghost (D:8)
  Grum (D:10)
  3 water moccasins
  A phantom (D:9)
  A necrophage (D:10)
  4 ogres
  3 orc warriors
  2 wolves (D:10)
  2 centaurs
  A bullfrog (D:7)
  A wyvern zombie (D:10)
  2 killer bees (D:8)
  3 electric eels
  5 wights
  A howler monkey (D:10)
  A jelly (D:10)
  An orc priest (D:10)
  A worker ant (D:10)
  A worker ant zombie (D:10)
  A gnoll (D:10)
  6 orcs
  4 kobolds (D:10)
54 creatures vanquished.

Vanquished Creatures (others)
  An orc knight (D:8)
  3 orc warriors
  An orc wizard (Lair:1)
  19 orcs
  2 fungi (Lair:1)
  A lurking horror (Abyss:1)
27 creatures vanquished.

Grand Total: 320 creatures vanquished

Notes
Turn   | Place    | Note
-------+----------+-------------------------------------------
     0 | D:1      | DearestLeader the Hill Orc Monk began the quest for the
                  | Orb.
     0 | D:1      | Reached XP level 1. HP: 19/19 MP: 1/1
   256 | D:1      | Reached XP level 2. HP: 26/26 MP: 2/2
   594 | D:1      | Reached skill level 5 in Axes
   833 | D:2      | Found a radiant altar of Vehumet.
   865 | D:2      | Reached skill level 1 in Armour
   990 | D:2      | Reached XP level 3. HP: 29/31 MP: 3/3
  1107 | D:2      | Noticed Natasha
  1115 | D:2      | Killed Natasha
  1115 | D:2      | Reached skill level 6 in Axes
  1115 | D:2      | Reached XP level 4. HP: 22/39 MP: 4/4
  1405 | D:2      | Noticed Natasha
  1416 | D:2      | Killed Natasha
  1821 | D:2      | Noticed Natasha
  1836 | D:2      | Killed Natasha
  1836 | D:2      | Reached XP level 5. HP: 13/45 MP: 5/5
  2394 | D:3      | Reached skill level 7 in Axes
  2786 | D:3      | Became a worshipper of Beogh the Brigand
  2786 | D:3      | Reached * piety under Beogh
  2786 | D:3      | Reached ** piety under Beogh
  3005 | D:3      | Reached XP level 6. HP: 36/51 MP: 6/6
  3622 | D:4      | Noticed Edmund
  3873 | D:3      | Reached skill level 8 in Axes
  4789 | D:4      | Killed Edmund
  4789 | D:4      | Reached XP level 7. HP: 17/60 MP: 7/7
  5231 | D:4      | Found the +7 lajatang of Order {silver, rMut}
  5291 | D:4      | Reached skill level 9 in Axes
  5644 | D:5      | Entered Level 5 of the Dungeon
  5702 | D:5      | Reached skill level 5 in Fighting
  5973 | D:5      | Found an ancient bone altar of Kikubaaqudgha.
  5975 | D:5      | Reached *** piety under Beogh
  5975 | D:5      | Reached XP level 8. HP: 66/68 MP: 8/8
  6024 | D:5      | Found a radiant altar of Vehumet.
  6136 | D:5      | Reached skill level 10 in Axes
  6195 | D:5      | Reached skill level 5 in Armour
  6658 | D:5      | Got a brightly glowing plate armour
  6668 | D:5      | Identified the +5 plate armour "Gilloul" {+Blink SInv} (You
                  | found it on level 5 of the Dungeon)
  6671 | D:5      | Found a stormy altar of Qazlal.
  6712 | D:5      | Found a shimmering blue altar of Sif Muna.
  6849 | D:5      | Found a glowing golden altar of the Shining One.
  7001 | D:6      | Reached skill level 11 in Axes
  7197 | D:6      | Found a staircase to the Ecumenical Temple.
  7357 | D:6      | Found a hide-covered altar of Uskayaw.
  7366 | D:6      | Reached XP level 9. HP: 72/78 MP: 9/9
  8135 | D:7      | Found a bloodstained altar of Trog.
  8533 | D:8      | Found Gyotoati's Armour Emporium.
  8617 | D:8      | Noticed a two-headed ogre
  8626 | D:8      | Killed a two-headed ogre
  8626 | D:8      | Reached skill level 12 in Axes
  8984 | D:8      | Gained Norbak as an ally
  8985 | D:8      | Your ally Norbak died
  8989 | D:8      | Noticed Erica
  9106 | D:8      | Reached XP level 10. HP: 58/88 MP: 10/10
  9336 | D:8      | Reached skill level 13 in Axes
  9384 | D:8      | Reached **** piety under Beogh
  9413 | D:8      | Killed Erica
 10190 | D:8      | Found a sacrificial altar of Ru.
 10584 | D:9      | Found a staircase to the Lair.
 10630 | D:9      | Reached skill level 5 in Dodging
 10642 | D:9      | Reached skill level 14 in Axes
 11296 | D:9      | Gained Hawl as an ally
 11322 | D:9      | Found an ancient bone altar of Kikubaaqudgha.
 11535 | D:9      | Found a sparkling altar of Nemelex Xobeh.
 11536 | D:9      | Found an opulent altar of Gozag.
 11878 | D:9      | Found a burning altar of Makhleb.
 11971 | D:10     | Entered Level 10 of the Dungeon
 11992 | D:10     | Reached XP level 11. HP: 97/97 MP: 11/11
 11995 | D:10     | Reached ***** piety under Beogh
 12008 | D:10     | Noticed Grum
 12017 | D:10     | Killed Grum
 12387 | D:10     | Noticed an unseen horror
 12394 | D:10     | Killed an unseen horror
 12451 | D:10     | Found a large runed translucent door.
 12452 | D:10     | Found a large runed translucent door.
 12460 | D:10     | Noticed sirjames's ghost (journeyman CeHu)
 12481 | D:10     | Identified the Collected Works on Enchantment and
                  | Transmigration
 12523 | D:10     | Noticed an unseen horror
 12526 | D:10     | Killed an unseen horror
 12526 | D:10     | Reached skill level 15 in Axes
 12686 | D:10     | Found Fotit's Antique Weapon Shop.
 13026 | Lair:1   | Entered Level 1 of the Lair of Beasts
 13164 | Lair:1   | Reached skill level 10 in Fighting
 14224 | Lair:1   | Noticed Nergalle
 14235 | Lair:1   | Killed Nergalle
 14282 | Lair:1   | Noticed a seven-headed hydra
 14292 | Lair:1   | Killed an eight-headed hydra
 14486 | Lair:1   | Noticed Fannar
 14491 | Lair:1   | Reached skill level 16 in Axes
 14498 | Lair:1   | Killed Fannar
 14498 | Lair:1   | Reached XP level 12. HP: 106/108 MP: 12/12
 14598 | Lair:1   | Noticed Sonja
 14606 | Lair:1   | Cast into level 1 of the Abyss (Sonja)
 14717 | Abyss:1  | Noticed a tentacled starspawn
 14734 | Abyss:1  | Noticed a thrashing horror
 14746 | Abyss:1  | HP: 4/108 [thrashing horror (5)]
 14746 | Abyss:1  | Slain by a thrashing horror

Illustrated notes

Levels and vault maps discovered:
D:1:      wander_arrival_peaceful_grave, layout_loops_ring
D:2:      layout_rooms, nicolae_overflow_crystal_walls, first_ration,
          dk_noncrumbling_4, nrook_mini_vaults, uniq_natasha
D:3:      layout_basic
D:4:      layout_rooms, serial_glass, glass_columns_c, glass_columns_a,
          glass_columns_c, glass_columns_a, hangedman_abyss_or_decor_slice,
          kennysheep_generic_room_3, uniq_edmund
D:5:      minmay_razor_zed, layout_rooms, kiku_gazebo_pond_becter,
          kennysheep_little_box, tso_oasis_becter, kennysheep_mini, basic_altar
D:6:      layout_loops_ring, eat_drink_and_be_merry_uskayaw,
          minmay_temple_entry_sparse_star
D:7:      layout_basic, kennysheep_mini_moat, nrook_campfire
D:8:      layout_basic, nicolae_ru_sacrificial_ziggurat, serial_shops, shop,
          blue_anna_alchemist [blue_anna_fruit_fields, blue_anna_fruit_fields],
          chequers_serial_rivers_micro_c, uniq_erica
D:9:      layout_gridville, lightli_temple_of_fire,
          grunt_temple_overflow_opulence, david_lair_generic, basic_altar,
          minmay_liquid_box
D:10:     layout_cave_pools, serial_shops, shop, ebering_ghost_disaster_area,
          minmay_statues_item, amethyst_killhole, kennysheep_another_room,
          glass_columns_a, minmay_strange_pillars, uniq_grum
D:11:     layout_gridville
Lair:1:   layout_concentric_octagons, dpeg_stationary_puzzle,
          grunt_megastairs_5, uniq_sonja, uniq_fannar, uniq_nergalle
Abyss:1:  base:
D:1

Skill      XL: |  1  2  3  4  5  6  7  8  9 10 11 |
---------------+----------------------------------+-----
Axes           | 5 6 7 8 9 11 12 14 16 | 16.1
Armour         | 1 2 3 4 6 7 8 9 |  9.8
Fighting       | 4 5 6 7 9 10 | 10.6
Dodging        | 4 5 6 |  6.0
Stealth        | |  1.5

Action                   |  1- 3 |  4- 6 |  7- 9 | 10-12 || total
-------------------------+-------+-------+-------+-------++-------
Melee: Hand axe          |    82 |       |       |       ||    82
       Dagger            |    10 |   230 |       |       ||   240
       Lajatang          |       |       |   180 |   226 ||   406
       Flail             |       |       |    11 |       ||    11
       War axe           |       |       |       |    62 ||    62
Throw: Dart              |       |     3 |       |    12 ||    15
Invok: Convert to Beogh  |       |     1 |       |       ||     1
       Smiting           |       |       |     2 |       ||     2
       Recall Orcish Fol |       |       |       |     1 ||     1
  Use: Scroll            |       |       |    16 |     2 ||    18
       Potion            |       |       |     2 |     4 ||     6
 Stab: Sleeping          |     1 |     1 |       |       ||     2
       Distracted        |       |       |       |     2 ||     2
  Eat: Chunk             |     1 |    10 |     9 |    13 ||    33
       Ration            |       |     1 |     2 |     3 ||     6
Armor: Ring mail         |    39 |    89 |    38 |       ||   166
       Robe              |     3 |       |       |       ||     3
       Plate armour      |       |       |   143 |   267 ||   410
Dodge: Dodged            |    55 |   149 |   127 |   152 ||   483
